AoeStats
← sheldongriffinjohnson

Arabia

508958137Analyzed
4v4 RM · 8d ago on Sep 24, 2026· 74m 8s· 8 players
Game mode
Random Map
Map size
Large (8 player)
Population
200
Speed
Normal
Resources
Standard
Victory
Conquest
Starting age
Dark Age
Ending age
Imperial Age
RankedLock teamsTeams togetherTeam positionsShared explorationLock speedFull tech treeHidden civsTurbo modeCheats
Victory
Defeat
🇨🇳 Khitans · China
750
+16
🇪🇸 Danes · Spain
685
+18
🇷🇸 Huns · Serbia
662
+19
🇹🇷 Persians · Türkiye
631
+21
🇳🇱 Turks · Netherlands
750
-19
🇬🇧 Lithuanians · United Kingdom
750
-19
🇿🇦 Slavs · South Africa
729
-18
🇮🇹 Italians · Italy
720
-18
carognavera
10:06 Feudal Age
11:23 Wheelbarrow
10:36 Double-Bit Axe
10:34 Horse Collar
16:17 Man-at-Arms
24:40 Castle Age
22:56 Stone Mining
23:03 Stone Mining
24:04 Gold Mining
26:06 Hand Cart
26:04 Bow Saw
26:45 Heavy Plow
32:22 Caravan
35:59 Imperial Age
34:25 Town Watch
35:07 Fletching
35:18 Padded Archer Armor
35:18 Scale Mail Armor
35:29 Forging
35:42 Ballistics
35:13 Heated Shot
35:50 Town Patrol
36:58 Stone Shaft Mining
37:25 Chain Mail Armor
37:26 Leather Archer Armor
37:06 Bodkin Arrow
38:51 Two-Man Saw
39:41 Iron Casting
39:37 Plate Mail Armor
40:10 Chemistry
40:49 Bracer
41:20 Ring Archer Armor
40:53 Squires
40:14 Pikeman
40:40 Arson
40:22 Elite Genoese Crossbowman
42:50 Blast Furnace
42:13 Bombard Tower
41:44 Guard Tower
46:29 Keep
46:30 Crop Rotation
46:38 Coinage
46:19 Guilds
P Diddy oil
10:26 Feudal Age
11:49 Loom
24:08 Castle Age
24:25 Pikeman
30:15 Bloodlines
38:10 Fletching
39:45 Forging
39:40 Scale Barding Armor
41:53 Stone Mining
41:56 Double-Bit Axe
41:58 Horse Collar
49:12 Imperial Age
49:16 Iron Casting
48:43 Scale Mail Armor
49:41 Halberdier
56:40 Chain Mail Armor
KonyaCity42
1:56 Loom
5:21 Loom
11:34 Feudal Age
18:11 Bloodlines
18:41 Forging
18:54 Double-Bit Axe
20:43 Town Watch
21:20 Scale Barding Armor
21:09 Stone Mining
29:23 Castle Age
27:39 Gold Mining
27:52 Horse Collar
31:26 Husbandry
37:29 Fortified Wall
37:16 Murder Holes
37:18 Fletching
38:04 Iron Casting
40:52 Gold Shaft Mining
40:29 Bow Saw
46:26 Imperial Age
46:04 Bodkin Arrow
53:52 Two-Man Saw
54:10 Wheelbarrow
53:39 Heavy Plow
sheldongriffinjohnson
13:49 Feudal Age
18:14 Double-Bit Axe
20:49 Wheelbarrow
20:50 Gold Mining
21:16 Horse Collar
24:47 Castle Age
25:57 Hand Cart
34:10 Bow Saw
33:49 Pikeman
34:30 Squires
35:26 Detinets
36:23 Heavy Plow
41:47 Imperial Age
41:28 Forging
41:19 Scale Mail Armor
41:24 Scale Barding Armor
44:33 Two-Man Saw
44:07 Crop Rotation
44:04 Caravan
43:59 Elite Boyar
45:40 Guard Tower
47:11 Iron Casting
46:52 Chain Mail Armor
46:58 Chain Barding Armor
47:42 Loom
48:39 Gold Shaft Mining
61:58 Conscription
62:06 Conscription
65:27 Halberdier
Душан Силни
0:37 Loom
13:36 Feudal Age
15:08 Double-Bit Axe
15:06 Horse Collar
20:28 Gold Mining
20:28 Stone Mining
26:43 Castle Age
29:24 Caravan
30:27 Wheelbarrow
29:38 Town Watch
31:37 Bow Saw
35:09 Hand Cart
34:54 Town Patrol
36:03 Gold Shaft Mining
38:32 Imperial Age
36:44 Masonry
37:20 Coinage
39:26 Forging
39:22 Scale Barding Armor
39:18 Scale Mail Armor
39:18 Padded Archer Armor
41:02 Two-Man Saw
40:01 Cavalier
40:45 Husbandry
40:55 Bloodlines
40:06 Light Cavalry
41:22 Chain Barding Armor
41:38 Iron Casting
41:03 Murder Holes
42:09 Chemistry
41:57 Guilds
42:18 Banking
42:40 Conscription
44:55 Paladin
46:29 Plate Barding Armor
46:09 Chain Mail Armor
46:10 Leather Archer Armor
46:56 Blast Furnace
54:58 Sappers
55:29 Marauders
58:08 Fletching
72:36 Atheism
71:47 Spies/Treason
72:51 Atheism
Wolfgang Rouge
4:34 Loom
11:01 Feudal Age
11:05 Man-at-Arms
12:02 Double-Bit Axe
12:49 Horse Collar
14:59 Wheelbarrow
16:40 Scale Mail Armor
27:41 Forging
32:47 Castle Age
35:45 Fletching
43:21 Gold Mining
47:54 Bow Saw
48:01 Heavy Plow
57:23 Hand Cart
56:56 Town Watch
58:23 Chain Mail Armor
58:44 Iron Casting
65:45 Imperial Age
66:58 Onager
70:27 Elite Varangian Guard
70:55 Arson
71:11 Squires
70:56 Gambesons
72:15 Blast Furnace
71:46 Plate Mail Armor
demirovsky
0:42 Loom
13:31 Feudal Age
19:40 Castle Age
18:46 Horse Collar
18:54 Double-Bit Axe
22:17 Stone Mining
22:43 Bow Saw
23:01 Heavy Plow
27:30 Wheelbarrow
28:18 Hand Cart
27:50 Town Watch
29:22 Gold Mining
32:19 Stone Shaft Mining
32:42 Gold Shaft Mining
32:53 Gold Shaft Mining
33:00 Caravan
32:51 Arson
36:46 Town Patrol
38:30 Squires
37:51 Pikeman
43:53 Imperial Age
43:43 Kamandaran
46:36 Conscription
47:48 Chemistry
47:29 Crop Rotation
48:24 Two-Man Saw
48:40 Elite War Elephant
51:51 Ballistics
51:44 Forging
51:34 Scale Mail Armor
51:39 Scale Barding Armor
51:25 Fletching
51:35 Padded Archer Armor
55:01 Iron Casting
54:41 Chain Mail Armor
54:47 Chain Barding Armor
54:22 Bodkin Arrow
54:20 Heated Shot
54:21 Guard Tower
54:27 Murder Holes
54:43 Masonry
55:04 Heavy Scorpion
60:37 Citadels
60:28 Kamandaran
59:59 Sappers
61:04 Hoardings
65:17 Onager
65:18 Capped Ram
65:21 Man-at-Arms
65:21 Halberdier
65:47 Gambesons
66:34 Architecture
66:11 Siphons
66:17 Clinker Construction
66:17 Careening
66:22 Guilds
66:43 Coinage
xporx57248
5:05 Loom
11:57 Feudal Age
16:57 Castle Age
14:46 Domestication
16:36 Double-Bit Axe
18:05 Bow Saw
17:56 Pastoralism
22:00 Wheelbarrow
24:34 Hand Cart
24:12 Gold Mining
24:18 Stone Mining
27:03 Fletching
27:11 Heavy Cavalry Archer
35:43 Imperial Age
34:41 Bodkin Arrow
34:46 Padded Archer Armor
36:36 Leather Archer Armor
36:33 Forging
36:36 Lamellar Armor
37:27 Conscription
37:44 Transhumance
38:18 Two-Man Saw
38:09 Bracer
38:40 Ring Archer Armor
38:45 Iron Casting
39:17 Stone Shaft Mining
39:04 Husbandry
39:46 Parthian Tactics
40:32 Coinage
40:02 Caravan
40:14 Guilds
40:34 Scale Barding Armor
39:59 Light Cavalry
42:08 Ordo Cavalry
41:39 Heavy Camel Rider
43:29 Banking
43:03 Scale Mail Armor
43:24 Chain Barding Armor
45:29 Chain Mail Armor
45:50 Plate Barding Armor
44:40 Elite Liao Dao
52:16 Plate Mail Armor
60:30 Elite Steppe Lancer
63:36 Siege Engineers
63:11 Treadmill Crane
63:43 Masonry
63:54 Ballistics
64:35 Chemistry
63:31 Murder Holes
63:47 Fortified Wall
63:13 Heavy Rocket Cart
72:17 Spies/Treason
Connection lost

Rejoining the realm…

Still unreachable

The connection could not be restored.

Session expired

The server has moved on; the page needs a fresh start.